 Dungeon Crawl Stone Soup version 0.28-a0-794-gafe8c5f9e9 (webtiles) character file.

Game seed: 16555452521060602328

634 flotson the Skirmisher (level 7, -10/55 HPs)
             Began as a Demonspawn Delver on Nov 5, 2021.
             Blown up by a centaur (28 damage)
             ... with a mindburst bolt
             ... on level 5 of the Dungeon.
             The game lasted 00:09:29 (5540 turns).

flotson the Skirmisher (Demonspawn Delver)          Turns: 5540, Time: 00:09:32

Health: -10/55     AC:  8    Str: 21    XL:     7   Next: 25%
Magic:  7/7        EV: 14    Int: 11    God:
Gold:   156        SH:  4    Dex: 14    Spells: 6/6 levels left

rFire   . . .      SeeInvis .   a - +0 spear
rCold   . . .      Faith    .   (no shield)
rNeg    . . .      Spirit   .   d - +0 ring mail
rPois   .          Reflect  .   s - +0 helmet
rElec   .          Harm     .   h - +0 cloak
rCorr   .          Rampage  .   (no gloves)
Will    .....                   (no boots)
Stlth   ++........              (no amulet)
HPRegen 0.18/turn               x - +6 ring of strength
MPRegen 0.10/turn               (no ring)

@: no status effects
A: hooves 2, repulsion field 1, condensation shield, demonic magic 1, bedeviling
a: no special abilities


You were on level 5 of the Dungeon.
You visited 1 branch of the dungeon, and saw 5 of its levels.

You collected 156 gold pieces.

Inventory:

Hand Weapons
 a - a +0 spear (weapon)
 b - a +0 hunting sling
 t - a +0 hand axe
Missiles
 e - 6 poisoned darts
 u - 17 stones (quivered)
Armour
 d - a +0 ring mail (worn)
 h - a +0 cloak (worn)
 s - a +0 helmet (worn)
Jewellery
 x - a +6 ring of strength (left hand)
Wands
 g - a wand of digging (2)
 B - a wand of iceblast (3)
Scrolls
 c - 3 scrolls of fog
 f - a scroll of enchant armour {unknown}
 i - a scroll of blinking {unknown}
 k - a scroll of noise {unknown}
 n - 4 scrolls of identify {unknown}
 p - 5 scrolls of teleportation {unknown}
 r - a scroll of vulnerability {unknown}
 v - a scroll of silence {unknown}
 w - 2 scrolls of enchant weapon {unknown}
Potions
 j - a potion of attraction {unknown}
 l - a potion of flight {unknown}
 m - 3 potions of curing {unknown}
 o - a potion of heal wounds {unknown}
 q - a potion of haste
 z - a potion of resistance {unknown}
 A - a potion of lignification {unknown}


   Skills:
 + Level 4.8 Fighting
 - Level 1.7 Axes
 + Level 3.1 Throwing
 + Level 3.2 Armour
 + Level 3.9 Dodging
 - Level 4.5 Stealth
 + Level 1.4 Evocations


You had 6 spell levels left.
You didn't know any spells.
Your spell library contained the following spells:

 Spells                   Type           Power      Damage    Failure   Level
 Animate Skeleton         Necr           0%         N/A       50%         1
 Pain                     Necr           0%         1d4       50%         1
 Shock                    Conj/Air       0%         1d3       50%         1
 Call Canine Familiar     Summ           0%         N/A       86%         3
 Portal Projectile        Hex/Tloc       0%         N/A       86%         3
 Swiftness                Air            0%         N/A       86%         3
 Vampiric Draining        Necr           0%         2d6       86%         3
 Airstrike                Air            0%         N/A       99%         4
 Leda's Liquefaction      Hex/Erth       0%         N/A       99%         4
 Petrify                  Tmut/Erth      0%         N/A       99%         4
 Metabolic Englaciation   Hex/Ice        0%         N/A       100%        5
 Summon Forest            Summ/Tloc      0%         N/A       100%        5
 Eringya's Noxious Bog    Tmut/Pois      0%         N/A       100%        6
 Statue Form              Tmut/Erth      0%         N/A       100%        6
 Summon Hydra             Summ           0%         N/A       100%        7
 Chain Lightning          Conj/Air       0%         N/A       100%        9
 Fire Storm               Conj/Fire      0%         5d1       100%        9
 Shatter                  Erth           0%         3d5*      100%        9


Dungeon Overview and Level Annotations

Branches:
Dungeon (5/15)
 Temple: D:4-7

Altars:
Ashenzari
Elyvilon
Wu Jian
The Shining One

Annotations:
D:5 Blork the orc, Dowan, Duvessa, Menkaure


Innate Abilities, Weirdness & Mutations

You have hoof-like feet.
You are surrounded by a mild repulsion field. (EV +2)
A meltable shield of frost defends you. (SH +4)
Spells you cast may paralyse adjacent enemies.
Your hexes are more powerful.


Message History

You shoot a stone. The stone hits the centaur zombie.
The centaur zombie is almost destroyed.
The centaur zombie closely misses you.
The centaur zombie kicks you but does no damage.
You shoot a stone. The stone hits the centaur zombie.
The centaur zombie is almost destroyed.
The centaur zombie hits you. The centaur zombie misses you.
a - a +0 spear (weapon)
The centaur zombie hits you but does no damage.
The centaur zombie closely misses you.
You hit the centaur zombie.
You destroy the centaur zombie!
u - 14 stones (gained 3)
u - 15 stones (gained 1)
u - 16 stones (gained 1)
u - 17 stones (gained 1)
Found 29 sling bullets.
You see here 29 sling bullets.
As you open the door, it creaks loudly!
There is an open door here.
A centaur is nearby!
The centaur shoots an arrow.
The arrow hits you.
The centaur shouts!
The centaur shoots an arrow.
The arrow barely misses you.
The centaur shoots an arrow.
You block the arrow.
The centaur zaps a wand.
Your mind is blasted!
Ouch! That really hurt!
The centaur shoots an arrow.
The arrow hits you.
There is an open door, spattered with blood here.
As you read the scroll of fear, it crumbles to dust.
You assume a fearsome visage.
The centaur looks frightened!
The centaur zaps a wand.
You struggle to resist.
The centaur shoots an arrow.
The arrow closely misses you.
Aiming: Iceblast
Press: ? - help, Shift-Dir - straight line The mass of ice explodes!
The iceblast engulfs the centaur!
The centaur is severely wounded.
The centaur zaps a wand.
Your mind is blasted!
Ouch! That really hurt!
You die...

......... #.....#.# #.#
.....$..########.....#.######'###
.......ccc.....c.....#...........
.'....##########.....#...........
.###..# #.....#...........
......# #................. ..#
#.# #.....#........... ..# #.#
#.....#.#....#+### ..# #.#
#@##..#.#....#.### ..# #.#
#.#...#.+....'.... ..###<#
#.#.....#....#.... ......#
#.#............... ......#
#.#............... ......#
#.#.....#...###### ......#
#.#....>....###### ......#
#.#............... ......#
#.#.#.#..#########


You could see a centaur.

Vanquished Creatures
  Prince Ribbit (D:5)
  A necrophage (D:3)
  A phantom (D:4)
  A centaur zombie (D:5)
  A centaur skeleton (D:4)
  2 iguanas (D:4)
  A hound skeleton (D:4)
  Robin (D:3)
  2 adders (D:3)
  3 gnolls (D:4)
  A white imp (D:5)
  2 worms (D:2)
  2 dart slugs
  3 orcs (D:3)
  4 endoplasms
  3 giant cockroaches
  12 goblins
  10 hobgoblins
  6 quokkas
  8 ball pythons
  7 bats
  4 frilled lizards
  9 kobolds
  4 rats
89 creatures vanquished.

Vanquished Creatures (others)
  2 fungi (D:3)
  10 plants (D:3)
12 creatures vanquished.

Grand Total: 101 creatures vanquished

Notes
Turn   | Place    | Note
-------+----------+-------------------------------------------
     0 | D:5      | flotson the Demonspawn Delver began the quest for the Orb.
     0 | D:5      | Reached XP level 1. HP: 18/18 MP: 1/1
   327 | D:4      | Noticed an iguana
   355 | D:5      | Noticed Menkaure
   423 | D:5      | Noticed Blork the orc
   653 | D:4      | Gained mutation: You have large cloven feet. [demonic
                  | ancestry]
   653 | D:4      | Reached XP level 2. HP: 21/24 MP: 2/2
   706 | D:4      | Reached skill level 1 in Armour
   829 | D:4      | Noticed a phantom
   927 | D:3      | Noticed Robin
   990 | D:2      | Found a broken altar of Ashenzari.
  1073 | D:1      | You fall into a shaft and drop 1 floor!
  1115 | D:2      | Gained mutation: Spells you cast may paralyse adjacent
                  | enemies. [demonic ancestry]
  1115 | D:2      | Reached XP level 3. HP: 29/29 MP: 3/3
  1536 | D:1      | Reached skill level 1 in Throwing
  2759 | D:2      | Gained mutation: A meltable shield of frost defends you.
                  | (SH +4) [demonic ancestry]
  2759 | D:2      | Reached XP level 4. HP: 35/35 MP: 4/4
  2895 | D:3      | Killed Robin
  3425 | D:3      | You fall into a shaft and drop 1 floor!
  3441 | D:4      | Found an ornate altar of the Wu Jian Council.
  3455 | D:4      | Gained mutation: You have hoof-like feet. [demonic
                  | ancestry]
  3455 | D:4      | Reached XP level 5. HP: 42/42 MP: 5/5
  3585 | D:3      | Found a faded altar of an unknown god.
  4355 | D:4      | Killed a phantom
  4449 | D:4      | Gained mutation: Your hexes are more powerful. [demonic
                  | ancestry]
  4449 | D:4      | Reached XP level 6. HP: 48/48 MP: 6/6
  5059 | D:5      | Noticed Dowan
  5059 | D:5      | Noticed Duvessa
  5210 | D:5      | Noticed Prince Ribbit
  5227 | D:5      | Killed Prince Ribbit
  5228 | D:5      | Reached skill level 1 in Evocations
  5228 | D:5      | Gained mutation: You are surrounded by a mild repulsion
                  | field. (EV +2) [demonic ancestry]
  5228 | D:5      | Reached XP level 7. HP: 22/55 MP: 7/7
  5540 | D:5      | Blown up by a centaur

Illustrated notes

Levels and vault maps discovered:
D:1:      evilmike_arrival_rings, layout_loops_ring, minmay_misc_feat_enclosed
D:2:      layout_loops_ring, basic_altar, hangedman_decor_slide_cut
D:3:      layout_basic, shapermc_ecumenical_altar_mp_ritualfount, uniq_robin
D:4:      layout_basic, gammafunk_temple_overflow_wave,
          mainiacjoe_overflow_tiny_flanked, kennysheep_dice
D:5:      layout_basic, grunt_gozag_breadcrumbs, uniq_duvessa, uniq_menkaure,
          uniq_blork_the_orc, uniq_prince_ribbit1

Skill      XL: |  1  2  3  4  5  6 |
---------------+-------------------+-----
Dodging        | 2 3 |  3.9
Armour         | 1 2 3 |  3.2
Throwing       | 1 2 3 |  3.1
Fighting       | 4 |  4.8
Evocations     | 1 |  1.4
Axes           | |  1.7
Stealth        | |  4.5

Action                   |  1- 3 |  4- 6 |  7- 9 || total
-------------------------+-------+-------+-------++-------
Melee: Hand axe          |    40 |       |       ||    40
       Kick              |    25 |    37 |       ||    62
       Spear             |   101 |   148 |     1 ||   250
 Fire: Hunting sling     |       |    52 |     8 ||    60
Throw: Dart              |     6 |    13 |       ||    19
Evoke: Wand              |     1 |       |     1 ||     2
  Use: Scroll            |     2 |       |     1 ||     3
       Potion            |     1 |       |       ||     1
 Stab: Sleeping          |    12 |     1 |       ||    13
       Distracted        |       |     1 |       ||     1
Armor: Leather armour    |    12 |       |       ||    12
       Ring mail         |    29 |    47 |     3 ||    79
Dodge: Dodged            |    66 |    70 |    11 ||   147
Block: Other             |       |    23 |     1 ||    24

Table legend: (Time is in decaauts)
 A = Elapsed time spent in this place.
 B = Non-inter-level travel time spent in this place.
 C = Inter-level travel time spent in this place.
 D = Time resting spent in this place.
 E = Time spent auto-exploring this place.
 F = Levels seen in this place.
 G = Mean time per level.
                   A        B        C        D        E       F      G
               +--------+--------+--------+--------+--------+-----+--------+
         Total |   5556 |   5194 |    362 |    241 |   3838 |   5 | 1111.2 |
       Dungeon |   5556 |   5194 |    362 |    241 |   3838 |   5 | 1111.2 |
               +--------+--------+--------+--------+--------+-----+--------+

Top non-repeatable levels by time:
     D:3: 1377 daAuts
     D:4: 1307 daAuts
     D:2: 1034 daAuts
     D:5: 1030 daAuts
     D:1: 806 daAuts
